 Dungeon Crawl Stone Soup version 0.30-a0-591-g3c58d2bc28 (webtiles) character file.

Game seed: 9308218712420337645

27023 OTABOTABOTAB the Transmogrifier (level 13, -10/117 HPs)
             Began as an Octopode Transmuter on Jan 4, 2023.
             Was an Initiate of Gozag.
             Mangled by an orc warrior
             ... wielding a +0 hand axe
              (13 damage)
             ... on level 1 of the Orcish Mines.
             The game lasted 01:01:22 (15182 turns).

OTABOTABOTAB the Transmogrifier (OpTm)             Turns: 15182, Time: 01:01:22

Health: -10/117    AC: 25    Str: 13    XL:     13   Next: 29%
Magic:  10/16      EV: 26    Int: 22    God:    Gozag
Gold:   702        SH:  0    Dex: 13    Spells: 1/17 levels left

rFire   . . .      SeeInvis .      - Unarmed
rCold   . . .      Faith    .    (no shield)
rNeg    + . .      Spirit   .    (helmet restricted)
rPois   ∞          Reflect  .    (no amulet)
rElec   +          Harm     .    E - +5 ring of evasion
rCorr   .          Rampage  .    Z - ring of wizardry {Wiz+, !d}
Will    .....                    w - ring of Foockat {EV+5 Str+3 Int+3}
Stlth   ++                       (no ring)
HPRegen 0.39/turn                (no ring)
MPRegen 0.15/turn                (no ring)
                                 (no ring)
                                 (no ring)

@: statue-form, wereblooded, very slow
A: slow and powerful, torment resistance 1, boosted hp, almost no armour,
amphibious, 8 rings, camouflage 1, (gelatinous body 1), (nimble swimmer 1),
tentacles, tentacle spike 1, (iridescent scales 1)
a: End Transformation, Renounce Religion, Potion Petition, Call Merchant, Bribe
Branch


You were on level 1 of the Orcish Mines.
You worshipped Gozag.
Gozag was pleased with you.
You were a living statue of rough stone.
You visited 3 branches of the dungeon, and saw 12 of its levels.
You also visited: Ossuary and Bailey.

You collected 1853 gold pieces.
You spent 1027 gold pieces at shops.
You paid 124 gold pieces to Gozag.

Inventory:

Hand Weapons
 a - a +2 short sword of electrocution
   (You took it off a kobold on level 2 of the Dungeon)
 b - the +0 staff of Battle
   (You found it on level 9 of the Dungeon)

   It enhances your conjuration magic.
   It summons a battlesphere in combat, with strength depending on Conjurations
   skill.
   Its strikes trigger the battlesphere's blasts.
Missiles
 g - 2 javelins
 k - 50 poisoned darts
 m - 6 curare-tipped darts
 n - a throwing net {!d}
 s - 124 stones
 u - 8 boomerangs
Magical Staves
 r - a staff of death {rN+}
   (You found it on level 9 of the Dungeon)
Jewellery
 w - the ring of Foockat (on tentacle) {EV+5 Str+3 Int+3}
   (You bought it in a shop on level 9 of the Dungeon)

   [ring of evasion]

   EV:        It affects your evasion (+5).
   Str:       It affects your strength (+3).
   Int:       It affects your intelligence (+3).
 E - a +5 ring of evasion (left tentacle)
   (You found it on level 5 of the Dungeon)
 Z - a ring of wizardry (right tentacle) {Wiz+, !d}
   (You bought it in a shop on level 9 of the Dungeon)
Wands
 e - a wand of charming (12)
   (You took it off a centaur on level 8 of the Dungeon)
 i - a wand of iceblast (9)
   (You found it on level 8 of the Dungeon)
 o - a wand of quicksilver (18)
   (You found it on level 7 of the Dungeon)
Scrolls
 c - 5 scrolls of enchant weapon
 d - a scroll of brand weapon
 f - 3 scrolls of butterflies
 j - a scroll of enchant armour {unknown}
 l - a scroll of fear {unknown}
 p - 2 scrolls of amnesia
 D - a scroll of blinking {!r}
 O - a scroll of silence
 V - a scroll of vulnerability {!r!r}
 Y - 7 scrolls of teleportation {@r3}
Potions
 h - a potion of might
 t - 3 potions of attraction {!q}
 B - a potion of brilliance
 G - 2 potions of ambrosia {!q}
 H - 5 potions of haste
 L - a potion of flight
 M - 2 potions of magic
 P - 6 potions of lignification {!q}
 R - a potion of resistance
 U - a potion of mutation {!q}
Miscellaneous
 v - a lightning rod (4/4)
   (You found it in a bailey)


   Skills:
 - Level 9.0 Fighting
 - Level 9.2 Dodging
 - Level 10.3 Unarmed Combat
 - Level 2.5 Spellcasting
 + Level 13.0 Transmutations
 - Level 5.0 Ice Magic
 + Level 5.9 Earth Magic
 - Level 3.0 Poison Magic


You had one spell level left.
You knew the following spells:

 Your Spells              Type           Power      Damage    Failure   Level
a - Beastly Appendage     Tmut           100%       N/A       1%          1
b - Wereblood             Tmut           56%        N/A       1%          2
c - Spider Form           Tmut/Pois      38%        N/A       1%          3
d - Ice Form              Ice/Tmut       42%        N/A       1%          4
e - Statue Form           Tmut/Erth      29%        N/A       16%         6

Your spell library contained the following spells:

 Spells                   Type           Power      Damage    Failure   Level
 Freeze                   Ice            96%        1d10      1%          1
 Apportation              Tloc           4%         N/A       5%          1
 Frozen Ramparts          Ice            48%        1d8       1%          3
 Poisonous Vapours        Pois/Air       18%        N/A       4%          2
 Cigotuvi's Dreadful Rot  Necr/Pois/Air  14%        N/A       5%          2
 Hailstorm                Conj/Ice       13%        3d5       6%          3
 Alistair's Intoxication  Tmut/Pois      25%        N/A       6%          5
 Blink                    Tloc           4%         N/A       9%          2
 Momentum Strike          Conj/Tloc      4%         3d8       9%          2
 Scorch                   Fire           4%         2d5       9%          2
 Mephitic Cloud           Conj/Pois/Air  7%         N/A       11%         3
 Lee's Rapid Deconstruct  Erth           14%        3d9*      12%         5
 Gell's Gravitas          Tloc           2%         N/A       16%         3
 Inner Flame              Hex/Fire       2%         N/A       16%         3
 Kindle Blastsparks       Fire/Tloc/Air  4%         2d10      16%         3
 Lesser Beckoning         Tloc           4%         N/A       16%         3
 Teleport Other           Tloc           2%         N/A       16%         3
 Leda's Liquefaction      Hex/Erth       7%         N/A       16%         4
 Flame Wave               Conj/Fire      2%         2d4       45%         4
 Fulminant Prism          Conj/Hex       1%         3d5       45%         4
 Iskenderun's Mystic Bla  Conj/Tloc      2%         2d3       45%         4
 Sticky Flame             Conj/Fire      2%         2d3       45%         4
 Dispersal                Tloc           1%         N/A       100%        6
 Summon Cactus Giant      Summ           1%         N/A       100%        6


Dungeon Overview and Level Annotations

Branches:
Dungeon (10/15)            Temple (1/1) D:5            Lair (0/5) D:10
    Orc (1/2) D:10        Ossuary (visited)          Bailey (visited)

Altars:
Ashenzari
Cheibriados
Dithmenos
Elyvilon
Fedhas
Gozag
Hepliaklqana
Kikubaaqudgha
Makhleb
Nemelex Xobeh
Okawaru
Qazlal
Ru
Sif Muna
Trog
Uskayaw
Vehumet
Wu Jian
Xom
Yredelemnul
Zin
The Shining One

Shops:
D:8 (   D:9 =

Portals:
Trove: D:10 (give 13 potions of heal wounds)


Innate Abilities, Weirdness & Mutations

You are a living statue of rough stone.
Your actions are slow, but your melee attacks are powerful.
You are resistant to unholy torment.
Your maximum health is greatly increased.
You are immune to poison.
You cannot wear most types of armour.
You are amphibious.
You can wear up to eight rings at the same time.
Your skin changes colour to match your surroundings (Stealth+).
((Your rubbery body absorbs attacks. (AC +1, EV +1)))
((You are camouflaged when in or above water. (Stealth+)))
You have tentacles for arms and can constrict up to eight enemies at once.
One of your tentacles bears a spike.
((You are partially covered in iridescent scales. (AC +2)))


Message History

You thrash the orc warlord!!! You grab the orc warlord.
You pierce the orc warlord, but do no damage.
You constrict the orc warlord, but do no damage.
The troll completely misses you. x2; The troll barely misses you.
The orc completely misses you. The orc barely misses you.
The orc warrior completely misses you. The orc warlord closely misses you.
The orc hits you with a +0 short sword. The orc completely misses you.
The orc wizard casts a spell.
The orc wizard flickers and vanishes!
Deactivating autopickup; reactivate with Ctrl-A.
The orc warrior closely misses you.
You take 4 damage, and have 73/117 hp.
The orc warlord blocks your attack.
You pierce the orc warlord, but do no damage.
The orc warlord blocks your attack.
You constrict the orc warlord, but do no damage.
The troll misses you. x2; The troll closely misses you.
The orc warrior closely misses you. The orc closely misses you.
The orc completely misses you. The orc warrior misses you.
The orc warlord completely misses you. The orc hits you with a +0 short sword.
The orc warrior closely misses you.
You take 1 damage, and have 72/117 hp.
The orc warlord blocks your attack.
You squeeze the orc warlord, but do no damage.
You constrict the orc warlord, but do no damage.
The troll misses you. The troll barely misses you.
The troll completely misses you. The orc completely misses you.
The orc warrior misses you. The orc misses you.
The orc warlord hits you but does no damage.
The orc warrior hits you but does no damage.
The orc warrior completely misses you. The orc misses you.
The orc warrior hits you from afar with a +0 glaive!
The orc completely misses you. The troll misses you.
The troll closely misses you. The troll claws you but does no damage.
The orc hits you with a +0 whip.
The orc warlord hits you with a +0 war axe.
The orc completely misses you. Something hits you but does no damage.
The orc warrior misses you. The orc warrior completely misses you.
You take 25 damage, and have 47/117 hp.
MASSIVE DAMAGE!!
The orc warlord blocks your attack.
You pierce the orc warlord, but do no damage.
The orc warlord blocks your attack.
You constrict the orc warlord. The troll completely misses you.
The troll claws you. The troll claws you but does no damage.
The orc warrior completely misses you. The orc completely misses you.
The orc hits you but does no damage. The orc warrior misses you.
The orc warlord hits you with a +0 war axe.
The orc closely misses you. Something hits you but does no damage.
The orc warrior completely misses you.
You take 7 damage, and have 40/117 hp.
The orc warlord blocks your attack. x3; You constrict the orc warlord.
The orc closely misses you. The troll bites you but does no damage.
The troll claws you but does no damage. The troll misses you.
The orc warrior completely misses you. The orc closely misses you.
The orc warrior completely misses you. The orc warlord misses you.
The orc completely misses you. The orc warrior completely misses you.
You batter the orc warlord!!
You squeeze the orc warlord, but do no damage.
You constrict the orc warlord. The troll misses you. x2
The troll barely misses you.
The orc warrior hits you from afar with a +0 glaive!
* * * LOW HITPOINT WARNING * * *
The orc completely misses you. The orc warrior completely misses you.
The orc barely misses you. The orc warlord misses you.
The orc priest miscasts a cantrip.
The orc misses you. Something hits you but does no damage.
The orc warrior completely misses you.
You take 9 damage, and have 31/117 hp.
You batter the orc warlord!!
You pierce the orc warlord, but do no damage.
You constrict the orc warlord, but do no damage.
The orc completely misses you. The troll misses you. x2
The troll barely misses you. The orc warrior completely misses you.
The orc closely misses you. The orc warrior misses you.
The orc warlord hits you with a +0 war axe.
* * * LOW HITPOINT WARNING * * *
The orc barely misses you. The orc warrior barely misses you.
You take 3 damage, and have 28/117 hp.
The orc warlord blocks your attack. x2
You constrict the orc warlord, but do no damage.
The troll completely misses you. The troll claws you but does no damage.
The troll misses you. The orc misses you. The orc warrior barely misses you.
The orc closely misses you.
The orc warlord hits you with a +0 war axe!
* * * LOW HITPOINT WARNING * * *
The orc priest calls upon Beogh to heal the orc warlord.
Something closely misses you.
The orc warrior hits you but does no damage.
The orc warrior completely misses you. The orc misses you.
The orc closely misses you. The troll completely misses you.
The troll claws you.
* * * LOW HITPOINT WARNING * * *
The troll misses you. The orc closely misses you.
The orc warlord hits you with a +0 war axe!
* * * LOW HITPOINT WARNING * * *
The orc misses you. The orc warrior completely misses you.
The orc warrior hits you with a +0 hand axe!
You die...
Your body crumbles into a pile of gold.

###...##..#......... #
##....#....$#...$....
##.##............#.......
#...#....................
# ........................
...........#..............
#..##.....ooo.............
........oT{o.............
#.#......8oo.............
#....$$ooo............#
##..$.$$.$.........#..
#..............##.##..
##.............# ..
#.............#
#............#.#
....$#...........
#.....#..........


You could see an orc warlord, a troll, 3 orc warriors, an orc priest (strong)
and 5 orcs.

Vanquished Creatures
  2 orc warlords
  A two-headed ogre (D:10)
  Erica (Orc:1)
  Pikel (D:6)
  A rime drake (D:9)
  2 tengu conjurers (D:9)
  5 trolls
  2 polar bears (D:10)
  A hornet (D:10)
  Prince Ribbit (D:6)
  A wraith (D:9)
  3 wyverns
  5 yaks
  A steam dragon (D:8)
  2 wargs (Orc:1)
  Duvessa (D:5)
  20 orc warriors
  4 ice beasts
  2 sky beasts (D:7)
  A black bear (D:7)
  4 ogres
  A wolf (D:9)
  2 centaurs (D:8)
  A lemure (D:6)
  A phantom (D:5)
  2 kobold brigands
  3 bullfrogs
  5 scorpions
  19 wights
  5 water moccasin zombies (Ossuary)
  Dowan (D:5)
  9 killer bees
  4 electric eels (D:9)
  2 hounds
  7 jellies
  9 orc priests
  2 gnoll boudas (D:8)
  3 iguanas
  14 orc wizards
  2 mummies (Ossuary)
  16 gnolls
  10 river rats (D:6)
  8 adders
  A shadow imp (D:7)
  3 white imps
  An ufetubus (D:4)
  7 adder zombies (Ossuary)
  3 worms (D:2)
  5 dart slugs
  38 orcs
  3 bats
  4 endoplasms
  4 giant cockroaches
  2 gnoll zombies (Ossuary)
  19 hobgoblins
  3 jackals (D:1)
  6 quokkas
  4 ball pythons (D:2)
  4 frilled lizards
  15 goblins
  6 hobgoblin zombies (Ossuary)
  43 kobolds
  2 kobold zombies (Ossuary)
  5 orc zombies (Ossuary)
  16 rats
  A rat zombie (D:6)
382 creatures vanquished.

Vanquished Creatures (others)
  22 plants
22 creatures vanquished.

Grand Total: 404 creatures vanquished

Notes
Turn   | Place    | Note
-------+----------+-------------------------------------------
     0 | D:1      | OTABOTABOTAB the Octopode Transmuter began the quest for
                  | the Orb.
     0 | D:1      | Reached XP level 1. HP: 13/13 MP: 3/3
   207 | D:1      | Reached skill level 1 in Poison Magic
   207 | D:1      | Reached XP level 2. HP: 18/18 MP: 3/5
   211 | D:1      | Learned a level 2 spell: Wereblood
   673 | D:2      | Reached XP level 3. HP: 23/23 MP: 1/6
   737 | D:2      | Reached skill level 2 in Poison Magic
   820 | D:2      | Reached XP level 4. HP: 28/28 MP: 7/7
   820 | D:2      | Found a faded altar of an unknown god.
   989 | D:2      | Reached skill level 3 in Transmutations
   996 | D:2      | Learned a level 3 spell: Spider Form
  1860 | D:3      | Reached skill level 4 in Unarmed Combat
  1860 | D:3      | Reached skill level 3 in Poison Magic
  1860 | D:3      | Reached XP level 5. HP: 13/33 MP: 4/8
  2244 | D:3      | Reached XP level 6. HP: 29/38 MP: 4/9
  2633 | D:4      | Reached skill level 4 in Transmutations
  2734 | D:4      | Reached skill level 1 in Ice Magic
  3090 | D:4      | Found an ornate altar of the Wu Jian Council.
  3183 | D:4      | Identified the +5 long sword "Ogreslayer" {holy, rN++ Int+4
                  | Dex-2}
  3344 | D:4      | Learned a level 4 spell: Ice Form
  3354 | D:5      | Entered Level 5 of the Dungeon
  3492 | D:5      | Reached skill level 5 in Unarmed Combat
  3492 | D:5      | Reached skill level 2 in Ice Magic
  3492 | D:5      | Reached XP level 7. HP: 42/43 MP: 5/10
  3628 | D:5      | HP: 10/43 [poisoned by a scorpion]
  4061 | D:5      | Noticed a yak
  4061 | D:5      | Noticed a wyvern
  4149 | D:5      | Reached skill level 3 in Ice Magic
  4229 | D:5      | Killed a yak
  4230 | D:5      | Reached skill level 5 in Transmutations
  4331 | D:5      | Reached skill level 4 in Ice Magic
  4331 | D:5      | Reached XP level 8. HP: 37/48 MP: 7/11
  4368 | D:5      | Noticed Duvessa
  4370 | D:5      | Noticed Dowan
  4381 | D:5      | Killed Duvessa
  4399 | D:5      | Killed Dowan
  4400 | D:5      | Reached skill level 6 in Transmutations
  4701 | D:5      | Reached skill level 5 in Ice Magic
  4756 | D:5      | Reached skill level 7 in Transmutations
  4901 | D:5      | Found a staircase to the Ecumenical Temple.
  4910 | Temple   | Entered the Ecumenical Temple
  5392 | D:5      | Killed a wyvern
  5393 | D:5      | Reached skill level 8 in Transmutations
  5711 | D:6      | Reached XP level 9. HP: 32/53 MP: 8/12
  5810 | D:6      | Noticed Prince Ribbit
  5827 | D:6      | Killed Prince Ribbit
  6220 | D:6      | Found a sand-covered staircase.
  6232 | Ossuary  | Entered an ossuary
  6306 | Ossuary  | Reached skill level 2 in Fighting
  6475 | Ossuary  | Reached skill level 3 in Dodging
  6475 | Ossuary  | Reached skill level 6 in Unarmed Combat
  7451 | D:6      | Noticed Pikel
  7462 | D:6      | Killed Pikel
  7463 | D:6      | Reached skill level 3 in Fighting
  7463 | D:6      | Reached skill level 7 in Unarmed Combat
  7463 | D:6      | Reached skill level 9 in Transmutations
  7995 | D:7      | Identified the +5 sling "Fughoc" {drain, *Corrode rC+
                  | Will+}
  8007 | D:7      | Reached skill level 4 in Dodging
  8162 | D:7      | Reached XP level 10. HP: 58/63 MP: 8/13
  8232 | D:7      | Found an iron altar of Okawaru.
  8249 | D:7      | Found an opulent altar of Gozag.
  8249 | D:7      | Found a sparkling altar of Nemelex Xobeh.
  8255 | D:7      | Became a worshipper of Gozag Ym Sagoz the Greedy
  8276 | D:7      | Found a flagged portal.
  8285 | Bailey   | Entered a bailey
  8425 | Bailey   | Reached skill level 4 in Fighting
  8770 | Bailey   | Reached skill level 8 in Unarmed Combat
  8812 | Bailey   | Noticed an orc warlord
  8813 | Bailey   | Reached skill level 6 in Fighting
  8813 | Bailey   | Reached skill level 6 in Dodging
  8813 | Bailey   | Reached skill level 9 in Unarmed Combat
  8813 | Bailey   | Reached skill level 10 in Transmutations
  8813 | Bailey   | Reached XP level 11. HP: 74/74 MP: 14/14
  8814 | Bailey   | Gained mutation: Your mind is acute. (Int +4, Str/Dex -1)
                  | [potion of mutation]
  8814 | Bailey   | Lost mutation: Your mind is acute. (Int +4, Str/Dex -1)
                  | [potion of mutation]
  8814 | Bailey   | Gained mutation: You are partially covered in iridescent
                  | scales. (AC +2) [potion of mutation]
  8814 | Bailey   | Gained mutation: One of your tentacles bears a spike.
                  | [potion of mutation]
  8853 | Bailey   | HP: 15/74 [orc warlord/+9 broad axe (15)]
  8857 | Bailey   | Killed an orc warlord
  8858 | Bailey   | Reached skill level 10 in Unarmed Combat
  9164 | Bailey   | Reached skill level 9 in Fighting
  9164 | Bailey   | Reached skill level 9 in Dodging
  9164 | Bailey   | Reached XP level 12. HP: 85/85 MP: 15/15
  9191 | D:7      | Acquired a book of the Earth
  9200 | D:7      | Learned a level 6 spell: Statue Form
  9692 | D:7      | Reached skill level 1 in Earth Magic
 10316 | D:8      | Reached skill level 2 in Earth Magic
 10623 | D:8      | Found Qidaqaaw's Weapon Boutique.
 11099 | D:8      | Reached skill level 11 in Transmutations
 11986 | D:9      | Found a glowing golden altar of the Shining One.
 11986 | D:9      | Found a hazy altar of Hepliaklqana.
 11986 | D:9      | Found a hide-covered altar of Uskayaw.
 12036 | D:9      | Found Gyipob's Jewellery Boutique.
 12087 | D:9      | Found the +0 staff of Battle
 12117 | D:9      | Reached skill level 3 in Earth Magic
 12605 | D:9      | HP: 18/84 [electric eel/bolt of electricity (14)]
 12608 | D:9      | HP: 7/84 [electric eel/bolt of electricity (10)]
 13047 | D:9      | Bought the ring of Foockat {EV+5 Str+3 Int+3} for 667 gold
                  | pieces
 13047 | D:9      | Bought a ring of wizardry for 360 gold pieces
 13077 | D:10     | Entered Level 10 of the Dungeon
 13097 | D:9      | HP: 19/98 [troll (6)]
 13608 | D:9      | Reached skill level 4 in Earth Magic
 13949 | D:10     | Found a staircase to the Lair.
 14180 | D:10     | Found a staircase to the Orcish Mines.
 14192 | D:10     | Reached XP level 13. HP: 90/90 MP: 4/16
 14199 | D:10     | Reached skill level 5 in Earth Magic
 14419 | D:10     | Found a broken altar of Ashenzari.
 14428 | D:10     | Reached skill level 12 in Transmutations
 14506 | D:10     | Identified the +5 falchion of Ru's Delight {protect, rC+
                  | Str+3 Int-2 Dex+7}
 14679 | D:10     | Noticed an angel
 14680 | D:10     | Found a glowing silver altar of Zin.
 14680 | D:10     | Found a shimmering altar of Xom.
 14690 | D:10     | Found a portal to a secret trove of treasure.
 14861 | Orc:1    | Entered Level 1 of the Orcish Mines
 14861 | Orc:1    | Noticed Erica
 14874 | Orc:1    | Killed Erica
 14972 | Orc:1    | Noticed an orc warlord
 14989 | Orc:1    | Killed an orc warlord
 15137 | Orc:1    | Noticed an orc warlord
 15147 | Orc:1    | Reached skill level 13 in Transmutations
 15181 | Orc:1    | HP: 28/117 [orc warlord/+0 war axe (3)]
 15182 | Orc:1    | HP: 3/117 [orc warlord/+0 war axe (12)]
 15182 | Orc:1    | Mangled by an orc warrior

Illustrated notes

Levels and vault maps discovered:
D:1:      minmay_arrival_solitary_statue, layout_loops_ring,
          kennysheep_pointless_box
D:2:      minmay_kobold_bridge, layout_rooms,
          hellmonk_ecumenical_altar_pennies_from_heaven
D:3:      layout_loops_ring
D:4:      layout_rooms, nicolae_wu_jian_wuxing_cycle
D:5:      kennysheep_kobold_camp, layout_basic, minmay_temple_entry_grid,
          minmay_chambers_of_fives, uniq_duvessa
D:6:      lemuel_ratsnest, layout_layer_cave, enter_ossuary_3,
          grunt_ministairs_12, uniq_pikel, uniq_prince_ribbit1
D:7:      layout_basic, grunt_temple_overflow_opulence, lemuel_tele_altar,
          enter_bailey_2
D:8:      layout_loops_ring, serial_shops, nicolae_shop_hallway_plus,
          david_defended_altar_orc
D:9:      wad_lake_hut, layout_long_grid, gammafunk_temple_overflow_claw,
          serial_shops, nicolae_square_shop, grunt_decor_one_mirror,
          hellmonk_guarded_unrand_staff_of_battle
D:10:     layout_rooms, grunt_temple_overflow_order_and_chaos_1,
          evilmike_ruin_ashenzari, hellmonk_lair_entry_icy, david_orc_3,
          nicolae_trove_entry_crossroad
Temple:   nicolae_temple_bog_church
Orc:1:    layout_caves, serial_shops, nicolae_shop_crystal,
          kennysheep_orc_chapel, uniq_erica, uniq_nergalle

Skill      XL: |  1  2  3  4  5  6  7  8  9 10 11 12 13 |
---------------+----------------------------------------+-----
Poison Magic   | 1 2 3 |  3.0
Transmutations | 3 4 5 8 9 10 11 13 | 13.0
Unarmed Combat | 4 5 7 9 10 | 10.3
Ice Magic      | 2 4 5 |  5.0
Fighting       | 3 6 9 |  9.0
Dodging        | 4 6 9 |  9.2
Earth Magic    | 4 5 |  5.9
Spellcasting   | |  2.5

Action                   |  1- 3 |  4- 6 |  7- 9 | 10-12 | 13-15 || total
-------------------------+-------+-------+-------+-------+-------++-------
Melee: Unarmed           |    53 |   141 |   262 |   307 |   104 ||   867
       Kick              |    17 |    26 |       |    28 |    44 ||   115
       Constrict         |    14 |    22 |     2 |    15 |    23 ||    76
       Tentacles         |     7 |    22 |     3 |    21 |    33 ||    86
       Punch             |     2 |     3 |       |     8 |     8 ||    21
       Short sword       |       |       |    13 |     4 |       ||    17
       Staff             |       |       |       |    56 |       ||    56
 Fire: Sling             |       |       |     3 |    19 |       ||    22
Throw: Stone             |     3 |    10 |    26 |    23 |       ||    62
       Dart              |     2 |     5 |    20 |       |       ||    27
       Javelin           |       |       |     1 |       |       ||     1
 Cast: Beastly Appendage |    12 |    16 |       |       |       ||    28
       Wereblood         |     3 |     8 |     9 |    17 |     1 ||    38
       Spider Form       |       |     9 |    14 |    15 |       ||    38
       Ice Form          |       |       |    20 |    23 |       ||    43
       Statue Form       |       |       |       |     4 |     7 ||    11
 Abil: End Transformatio |     9 |    17 |    25 |    27 |     6 ||    84
Evoke: Wand              |       |       |       |    11 |       ||    11
  Use: Scroll            |       |    12 |     8 |     6 |       ||    26
       Potion            |       |       |     2 |     8 |       ||    10
 Stab: Sleeping          |     1 |     4 |       |       |       ||     5
       Distracted        |       |       |       |     1 |       ||     1
Armor: Skin              |     2 |     6 |    60 |    46 |    55 ||   169
Dodge: Dodged            |    28 |    64 |   195 |   428 |   335 ||  1050

Table legend: (Time is in decaauts)
 A = Elapsed time spent in this place.
 B = Non-inter-level travel time spent in this place.
 C = Inter-level travel time spent in this place.
 D = Time resting spent in this place.
 E = Time spent auto-exploring this place.
 F = Levels seen in this place.
 G = Mean time per level.
                   A        B        C        D        E       F      G
               +--------+--------+--------+--------+--------+-----+--------+
         Total |  15213 |  14741 |    472 |   2960 |   8818 |  14 | 1086.6 |
       Dungeon |  13499 |  13036 |    463 |   2416 |   8306 |  10 | 1349.9 |
        Temple |    115 |    106 |      9 |      0 |     97 |   1 |  115.0 |
  Orcish Mines |    219 |    219 |      0 |      0 |    103 |   1 |  219.0 |
       Ossuary |    523 |    523 |      0 |    200 |    215 |   1 |  523.0 |
        Bailey |    855 |    855 |      0 |    344 |     96 |   1 |  855.0 |
               +--------+--------+--------+--------+--------+-----+--------+

Top non-repeatable levels by time:
     D:9: 2350 daAuts
     D:5: 2222 daAuts
     D:6: 1751 daAuts
     D:8: 1461 daAuts
    D:10: 1208 daAuts
     D:3: 1172 daAuts
     D:7: 1159 daAuts
  Bailey: 855 daAuts
     D:4: 753 daAuts
     D:2: 752 daAuts
     D:1: 666 daAuts
 Ossuary: 523 daAuts
   Orc:1: 219 daAuts
  Temple: 115 daAuts

Table legend:
 A = Kills in this place as a percentage of kills in entire the game.
 B = Kills by you in this place as a percentage of kills by you in the entire game.
 C = Kills by friends in this place as a percentage of kills by friends in the entire game.
 D = Other kills in this place as a percentage of other kills in the entire game.
 E = Experience gained in this place as a percentage of experience gained in the entire game.
 F = Experience gained in this place divided by the number of levels of this place that you have seen.
                   A       B       C       D       E      F
               +-------+-------+-------+-------+-------+----------------------
         Total | 100.0 | 100.0 |   N/A |   N/A | 100.0 | 1518.6
       Dungeon |  75.1 |  75.1 |   N/A |   N/A |  68.3 | 1452.8
  Orcish Mines |   5.8 |   5.8 |   N/A |   N/A |  15.9 | 3378.0
       Ossuary |   7.6 |   7.6 |   N/A |   N/A |   2.3 | 481.0
        Bailey |  11.5 |  11.5 |   N/A |   N/A |  13.5 | 2873.0
               +-------+-------+-------+-------+-------+----------------------
